AoeStats
← GAX | Urubu

MegaRandom

509789053Analyzed
4v4 RM · 5d ago on Sep 28, 2026· 39m 3s· 8 players
Game mode
Random Map
Map size
Large (8 player)
Population
200
Speed
Normal
Resources
Standard
Victory
Conquest
Starting age
Dark Age
Ending age
Imperial Age
RankedLock teamsTeams togetherTeam positionsShared explorationLock speedFull tech treeHidden civsTurbo modeCheats
Victory
Defeat
🇧🇷 Mongols · Brazil
1590
+14
🇧🇷 Persians · Brazil
1574
+15
🇧🇷 Britons · Brazil
1527
+17
🇧🇷 Magyars · Brazil
1394
+21
🇧🇷 Berbers · Brazil
1639
-21
🇧🇷 Lithuanians · Brazil
1547
-17
🇧🇷 Britons · Brazil
1499
-15
🇧🇷 Malians · Brazil
1472
-14
Tuco Parmera
0:35 Loom
9:26 Feudal Age
12:11 Double-Bit Axe
14:42 Fletching
16:48 Padded Archer Armor
18:48 Wheelbarrow
18:16 Horse Collar
24:19 Castle Age
22:44 Gold Mining
24:24 Crossbowman
25:14 Bodkin Arrow
27:31 Ballistics
28:37 Leather Archer Armor
28:51 Town Watch
29:19 Bow Saw
30:16 Town Watch
32:35 Masonry
36:07 Heavy Plow
37:30 Hand Cart
Xtreme | Pr3da
8:36 Loom
10:47 Feudal Age
11:38 Double-Bit Axe
15:13 Scale Barding Armor
21:11 Castle Age
21:14 Horse Collar
22:09 Bloodlines
21:19 Light Cavalry
23:56 Chain Barding Armor
23:52 Gold Mining
37:05 Wheelbarrow
36:16 Town Watch
36:36 Husbandry
39:13 Imperial Age
38:51 Fletching
Flash_br
7:43 Loom
10:44 Feudal Age
12:17 Double-Bit Axe
15:06 Castle Age
13:23 Fishing Lines
14:09 Scale Barding Armor
14:18 Bloodlines
15:56 Bow Saw
17:51 Chain Barding Armor
18:23 Horse Collar
19:13 Husbandry
24:32 Fervor
26:06 Gillnets
27:44 Wheelbarrow
27:59 Forging
29:15 Gold Mining
31:15 Town Watch
32:28 Iron Casting
32:22 Hand Cart
38:07 Imperial Age
36:16 Heavy Plow
36:53 Gold Shaft Mining
36:08 Stone Mining
38:19 Ballistics
37:46 Cavalier
39:02 Plate Barding Armor
40:01 Two-Man Saw
39:31 Crop Rotation
39:30 Conscription
40:27 Blast Furnace
Shadow_BR
5:51 Loom
8:17 Feudal Age
8:50 Double-Bit Axe
17:19 Wheelbarrow
20:40 Castle Age
19:23 Horse Collar
19:34 Gold Mining
24:34 Fletching
25:00 Husbandry
25:26 Bodkin Arrow
27:37 Ballistics
27:38 Bow Saw
33:17 Gold Shaft Mining
32:58 Padded Archer Armor
35:10 Thumb Ring
37:05 Leather Archer Armor
40:18 Imperial Age
GAX | B.Trufa
7:13 Loom
9:42 Feudal Age
10:11 Double-Bit Axe
14:58 Fletching
18:00 Padded Archer Armor
21:10 Castle Age
19:42 Gold Mining
21:14 Crossbowman
25:47 Town Watch
26:46 Wheelbarrow
26:07 Bodkin Arrow
26:27 Leather Archer Armor
28:17 Bow Saw
29:17 Horse Collar
33:05 Heavy Plow
37:43 Imperial Age
36:36 Hand Cart
36:46 Ballistics
38:36 Bracer
GAX | Urubu
7:56 Loom
10:19 Feudal Age
11:03 Double-Bit Axe
11:51 Horse Collar
15:27 Wheelbarrow
17:15 Scale Barding Armor
20:10 Castle Age
18:42 Scale Barding Armor
19:20 Forging
21:14 Gold Mining
21:47 Bloodlines
22:41 Husbandry
25:22 Chain Barding Armor
27:07 Bow Saw
33:41 Iron Casting
36:41 Imperial Age
34:17 Fletching
34:27 Padded Archer Armor
35:04 Bodkin Arrow
36:38 Ballistics
37:02 Leather Archer Armor
36:26 Light Cavalry
37:43 Bracer
37:10 Heavy Camel Rider
GAX | Sr. Spock
6:50 Loom
9:28 Feudal Age
14:24 Double-Bit Axe
17:15 Fishing Lines
20:45 Castle Age
19:13 Scale Barding Armor
19:25 Gold Mining
19:59 Forging
22:53 Bow Saw
23:10 Chain Barding Armor
23:30 Husbandry
25:11 Bloodlines
26:29 Wheelbarrow
26:25 Fletching
30:36 Bodkin Arrow
36:56 Town Watch
GAX | Dattatreyaa
8:30 Loom
10:16 Feudal Age
11:09 Double-Bit Axe
18:34 Castle Age
16:39 Horse Collar
17:53 Gold Mining
18:50 Forging
19:05 Bloodlines
19:55 Scale Barding Armor
21:23 Husbandry
26:19 Wheelbarrow
29:50 Bow Saw
34:46 Fletching
39:06 Chain Barding Armor
Connection lost

Rejoining the realm…

Still unreachable

The connection could not be restored.

Session expired

The server has moved on; the page needs a fresh start.